[ AOE2 MATCH · #507381852 ]
UnrankedHindustanis vs Sicilians
Player's team · LOSS
[ REPLAY ANALYSIS · EXTRACTED FROM THE RECORDED GAME ]
Feudal
9:26
Castle
28:53
Imperial
—
| APM avg | 63.1 |
| APM peak | 130 |
| eAPM avg | 33.7 |
| Villagers / military | 101 / 40 |
Focus
⚔️ 36.0% · 🌾 64.0%
Archer ×19 · Militia ×14 · Ghulam ×3 · Mangonel ×3 · Monk ×1
Feudal
9:07
Castle
28:40
Imperial
—
| APM avg | 57.5 |
| APM peak | 98 |
| eAPM avg | 31.1 |
| Villagers / military | 86 / 45 |
Focus
⚔️ 22.4% · 🌾 77.6%
Serjeant ×31 · Archer ×11 · Mangonel ×2 · Monk ×1
Match map
Initial resources + every placement click. Lines = walls · curves = elevation contours. ◆ gold · ⬟ stone · ● berries · ✦ relic · ◌ wall gap
Your base· Open — unwalled flank
Leo Javier's base· Open — unwalled flank
Smoothed initial terrain · ◌ = detected wall gap · hover for details
Inputs per minute
— Im_16Years_Old_IamCaPte - - Leo Javier
Build order — Im_16Years_Old_IamCaPte
First 150 of 254 actions detected
| 0:00 | Queue | Villager (Male) |
| 0:00 | Queue | Villager (Male) |
| 0:00 | Queue | Villager (Male) |
| 0:02 | Build | House |
| 0:03 | Build | House |
| 0:04 | Build | House |
| 0:17 | Queue | Villager (Male) |
| 0:17 | Queue | Villager (Male) |
| 1:13 | Queue | Villager (Male) |
| 1:28 | Queue | Villager (Male) |
| 2:02 | Queue | Villager (Male) |
| 2:16 | Queue | Villager (Male) |
| 2:35 | Queue | Villager (Male) |
| 2:35 | Queue | Villager (Male) |
| 2:40 | Build | Lumber Camp |
| 2:55 | Queue | Villager (Male) |
| 3:35 | Queue | Villager (Male) |
| 3:35 | Queue | Villager (Male) |
| 3:41 | Queue | Villager (Male) |
| 3:41 | Queue | Villager (Male) |
| 3:41 | Queue | Villager (Male) |
| 3:43 | Build | House |
| 4:19 | Queue | Villager (Male) |
| 4:20 | Queue | Villager (Male) |
| 4:20 | Queue | Villager (Male) |
| 4:45 | Queue | Villager (Male) |
| 4:52 | Build | Mill |
| 4:58 | Queue | Villager (Male) |
| 4:59 | Queue | Villager (Male) |
| 5:21 | Queue | Villager (Male) |
| 5:26 | Build | House |
| 5:43 | Queue | Villager (Male) |
| 5:43 | Queue | Villager (Male) |
| 5:43 | Queue | Villager (Male) |
| 6:08 | Research | Loom |
| 6:09 | Queue | Villager (Male) |
| 6:11 | Research | Loom |
| 6:51 | Build | House |
| 7:16 | Research | Feudal Age |
| 7:26 | Build | Barracks |
| 8:07 | Queue | Militia |
| 8:07 | Queue | Militia |
| 8:07 | Queue | Militia |
| 8:40 | Build | Mining Camp |
| 8:46 | Build | Mining Camp |
| 8:48 | Queue | Militia |
| 9:04 | Build | House |
| 9:26 | Age | Feudal Age |
| 9:31 | Build | Outpost |
| 9:33 | Queue | Villager (Male) |
| 9:39 | Research | Man-at-Arms (upgrade) |
| 9:39 | Research | Man-at-Arms (upgrade) |
| 9:39 | Research | Man-at-Arms (upgrade) |
| 9:54 | Build | Watch Tower |
| 9:54 | Queue | Villager (Male) |
| 9:54 | Queue | Villager (Male) |
| 9:55 | Queue | Villager (Male) |
| 10:07 | Build | Farm |
| 10:55 | Queue | Villager (Male) |
| 11:11 | Build | House |
| 11:29 | Queue | Villager (Male) |
| 11:29 | Queue | Villager (Male) |
| 11:37 | Build | House |
| 11:40 | Build | House |
| 11:42 | Build | House |
| 11:59 | Build | Farm |
| 12:08 | Build | Mining Camp |
| 12:14 | Queue | Villager (Male) |
| 12:14 | Queue | Villager (Male) |
| 12:41 | Build | Watch Tower |
| 14:08 | Build | Stone Wall |
| 14:08 | Build | Stone Wall |
| 14:09 | Build | Stone Wall |
| 14:09 | Build | Stone Wall |
| 14:39 | Queue | Villager (Male) |
| 14:39 | Queue | Villager (Male) |
| 14:42 | Build | Farm |
| 14:43 | Build | Farm |
| 15:15 | Build | House |
| 15:16 | Queue | Villager (Male) |
| 15:16 | Queue | Villager (Male) |
| 15:24 | Build | Farm |
| 16:09 | Build | Farm |
| 16:09 | Build | Farm |
| 16:10 | Build | Farm |
| 16:27 | Queue | Villager (Male) |
| 16:27 | Queue | Villager (Male) |
| 16:31 | Build | Farm |
| 16:48 | Build | Farm |
| 17:04 | Build | Watch Tower |
| 17:06 | Queue | Villager (Male) |
| 17:07 | Queue | Villager (Male) |
| 17:09 | Build | Blacksmith |
| 17:21 | Build | House |
| 17:21 | Build | House |
| 17:28 | Build | House |
| 17:50 | Queue | Militia |
| 18:00 | Research | Scale Mail Armor |
| 18:18 | Queue | Militia |
| 18:18 | Queue | Militia |
| 18:29 | Queue | Villager (Male) |
| 18:29 | Queue | Villager (Male) |
| 18:30 | Build | Farm |
| 18:31 | Build | Farm |
| 18:35 | Build | Watch Tower |
| 18:49 | Build | House |
| 18:52 | Build | House |
| 19:05 | Build | House |
| 19:06 | Build | Palisade Wall |
| 19:08 | Build | Palisade Wall |
| 19:15 | Queue | Villager (Male) |
| 19:38 | Queue | Villager (Male) |
| 19:39 | Queue | Villager (Male) |
| 19:40 | Build | Farm |
| 19:42 | Build | Farm |
| 20:16 | Queue | Villager (Male) |
| 20:16 | Queue | Villager (Male) |
| 20:57 | Build | Watch Tower |
| 21:00 | Queue | Militia |
| 21:01 | Queue | Villager (Male) |
| 21:13 | Queue | Villager (Male) |
| 21:26 | Queue | Villager (Male) |
| 21:29 | Build | Farm |
| 21:41 | Queue | Villager (Male) |
| 21:47 | Queue | Militia |
| 21:54 | Queue | Villager (Male) |
| 21:58 | Build | Farm |
| 22:11 | Research | Fletching |
| 22:21 | Queue | Militia |
| 22:38 | Queue | Villager (Male) |
| 22:42 | Queue | Villager (Male) |
| 22:47 | Queue | Militia |
| 22:49 | Queue | Villager (Male) |
| 22:51 | Build | Farm |
| 23:12 | Build | Market |
| 23:43 | Queue | Villager (Male) |
| 23:49 | Queue | Villager (Male) |
| 24:11 | Queue | Villager (Male) |
| 24:24 | Queue | Villager (Male) |
| 24:26 | Build | Farm |
| 24:43 | Queue | Militia |
| 24:43 | Queue | Militia |
| 24:46 | Research | Double-Bit Axe |
| 24:49 | Research | Town Watch |
| 25:06 | Build | Stone Wall |
| 25:07 | Build | Stone Wall |
| 25:07 | Build | Stone Wall |
| 25:08 | Build | Stone Wall |
| 25:09 | Build | Stone Wall |
| 25:11 | Build | Stone Wall |
Build order — Leo Javier
First 150 of 252 actions detected
| 0:01 | Queue | Villager (Male) |
| 0:02 | Queue | Villager (Male) |
| 0:02 | Queue | Villager (Male) |
| 0:02 | Queue | Villager (Male) |
| 0:03 | Build | House |
| 0:05 | Build | House |
| 1:26 | Queue | Villager (Male) |
| 1:47 | Build | Lumber Camp |
| 2:00 | Queue | Villager (Male) |
| 2:00 | Queue | Villager (Male) |
| 2:30 | Queue | Villager (Male) |
| 2:57 | Queue | Villager (Male) |
| 2:57 | Queue | Villager (Male) |
| 2:57 | Queue | Villager (Male) |
| 3:42 | Build | House |
| 3:49 | Queue | Villager (Male) |
| 3:50 | Queue | Villager (Male) |
| 3:58 | Queue | Villager (Male) |
| 4:06 | Queue | Villager (Male) |
| 4:06 | Queue | Villager (Male) |
| 4:34 | Queue | Villager (Male) |
| 4:34 | Queue | Villager (Male) |
| 4:50 | Queue | Villager (Male) |
| 4:50 | Queue | Villager (Male) |
| 5:22 | Queue | Villager (Male) |
| 5:22 | Queue | Villager (Male) |
| 5:56 | Queue | Villager (Male) |
| 5:56 | Queue | Villager (Male) |
| 5:58 | Build | Mill |
| 6:03 | Research | Loom |
| 6:57 | Research | Feudal Age |
| 6:57 | Research | Feudal Age |
| 7:18 | Build | Mining Camp |
| 7:31 | Build | House |
| 8:05 | Build | House |
| 9:07 | Age | Feudal Age |
| 9:08 | Build | Donjon |
| 9:11 | Queue | Villager (Male) |
| 9:11 | Queue | Villager (Male) |
| 9:17 | Build | House |
| 9:21 | Research | Double-Bit Axe |
| 9:21 | Research | Double-Bit Axe |
| 9:29 | Queue | Villager (Male) |
| 9:34 | Build | Palisade Wall |
| 9:36 | Build | Palisade Wall |
| 9:40 | Queue | Villager (Male) |
| 9:49 | Build | House |
| 9:53 | Queue | Serjeant |
| 9:54 | Queue | Serjeant |
| 9:59 | Queue | Serjeant |
| 10:03 | Build | Mining Camp |
| 10:43 | Queue | Serjeant |
| 10:50 | Queue | Villager (Male) |
| 11:32 | Queue | Villager (Male) |
| 11:39 | Queue | Villager (Male) |
| 11:43 | Build | Donjon |
| 12:04 | Build | Farm |
| 12:09 | Build | Farm |
| 12:15 | Queue | Serjeant |
| 12:22 | Queue | Villager (Male) |
| 12:25 | Build | Farm |
| 12:31 | Build | House |
| 12:34 | Build | House |
| 12:36 | Build | Palisade Wall |
| 12:44 | Queue | Serjeant |
| 12:58 | Queue | Villager (Male) |
| 13:06 | Build | Mining Camp |
| 13:24 | Queue | Villager (Male) |
| 13:27 | Build | Farm |
| 13:42 | Queue | Villager (Male) |
| 13:44 | Build | Farm |
| 13:54 | Build | Donjon |
| 13:56 | Queue | Villager (Male) |
| 14:27 | Build | House |
| 14:31 | Build | House |
| 14:34 | Queue | Villager (Male) |
| 14:39 | Build | House |
| 15:27 | Build | Mining Camp |
| 15:40 | Build | Farm |
| 15:42 | Build | Farm |
| 15:53 | Queue | Villager (Male) |
| 15:54 | Queue | Villager (Male) |
| 15:54 | Queue | Villager (Male) |
| 16:00 | Queue | Villager (Male) |
| 16:09 | Queue | Villager (Male) |
| 16:15 | Build | Archery Range |
| 16:17 | Queue | Villager (Male) |
| 16:31 | Build | Palisade Wall |
| 16:34 | Build | Farm |
| 16:35 | Queue | Serjeant |
| 16:35 | Queue | Serjeant |
| 16:45 | Build | Lumber Camp |
| 16:52 | Build | Donjon |
| 16:57 | Queue | Serjeant |
| 17:02 | Queue | Villager (Male) |
| 17:04 | Build | Farm |
| 17:17 | Build | Farm |
| 17:21 | Queue | Serjeant |
| 17:46 | Build | Farm |
| 17:59 | Build | Mining Camp |
| 18:01 | Build | House |
| 18:11 | Build | House |
| 18:18 | Build | Farm |
| 18:20 | Build | Farm |
| 18:30 | Queue | Serjeant |
| 18:31 | Queue | Serjeant |
| 18:31 | Queue | Serjeant |
| 18:46 | Build | Farm |
| 18:56 | Build | Farm |
| 18:59 | Queue | Villager (Male) |
| 19:05 | Build | House |
| 19:15 | Queue | Serjeant |
| 19:22 | Queue | Serjeant |
| 19:44 | Build | Blacksmith |
| 20:03 | Queue | Villager (Male) |
| 20:09 | Queue | Villager (Male) |
| 20:14 | Research | Scale Mail Armor |
| 20:32 | Queue | Villager (Male) |
| 20:36 | Queue | Archer |
| 20:36 | Queue | Archer |
| 20:51 | Queue | Serjeant |
| 20:53 | Queue | Villager (Male) |
| 20:58 | Queue | Villager (Male) |
| 21:01 | Build | Farm |
| 21:05 | Build | Farm |
| 21:07 | Build | Farm |
| 21:27 | Queue | Villager (Male) |
| 21:30 | Queue | Villager (Male) |
| 21:32 | Build | Farm |
| 21:36 | Build | Donjon |
| 21:39 | Queue | Serjeant |
| 21:39 | Queue | Serjeant |
| 21:48 | Research | Forging |
| 21:50 | Queue | Villager (Male) |
| 22:03 | Build | House |
| 22:13 | Build | Archery Range |
| 22:28 | Build | Farm |
| 22:31 | Build | Farm |
| 22:32 | Queue | Villager (Male) |
| 22:43 | Research | Fletching |
| 23:02 | Queue | Archer |
| 23:02 | Queue | Archer |
| 23:12 | Build | Farm |
| 23:14 | Build | Farm |
| 23:19 | Build | House |
| 23:35 | Build | Farm |
| 23:36 | Queue | Villager (Male) |
| 23:43 | Queue | Archer |
| 23:50 | Queue | Archer |
| 24:15 | Build | House |
Match timeline
| 7:26 | Im_16Years_Old_IamCaPte · first_building Barracks |
| 9:07 | Leo Javier · age_up feudal |
| 9:08 | Leo Javier · first_building Donjon |
| 9:26 | Im_16Years_Old_IamCaPte · age_up feudal |
| 9:34 | Leo Javier · wall_segment Palisade Wall x1 |
| 9:36 | Leo Javier · wall_segment Palisade Wall x1 |
| 12:36 | Leo Javier · wall_segment Palisade Wall x1 |
| 14:08 | Im_16Years_Old_IamCaPte · wall_segment Stone Wall x1 |
| 14:08 | Im_16Years_Old_IamCaPte · wall_segment Stone Wall x1 |
| 14:09 | Im_16Years_Old_IamCaPte · wall_segment Stone Wall x1 |
| 14:09 | Im_16Years_Old_IamCaPte · wall_segment Stone Wall x1 |
| 16:15 | Leo Javier · first_building Archery Range |
| 16:31 | Leo Javier · wall_segment Palisade Wall x1 |
| 19:06 | Im_16Years_Old_IamCaPte · wall_segment Palisade Wall x1 |
| 19:08 | Im_16Years_Old_IamCaPte · wall_segment Palisade Wall x1 |
| 25:06 | Im_16Years_Old_IamCaPte · wall_segment Stone Wall x1 |
| 25:07 | Im_16Years_Old_IamCaPte · wall_segment Stone Wall x1 |
| 25:07 | Im_16Years_Old_IamCaPte · wall_segment Stone Wall x1 |
| 25:08 | Im_16Years_Old_IamCaPte · wall_segment Stone Wall x1 |
| 25:09 | Im_16Years_Old_IamCaPte · wall_segment Stone Wall x1 |
| 25:11 | Im_16Years_Old_IamCaPte · wall_segment Stone Wall x1 |
| 25:28 | Im_16Years_Old_IamCaPte · first_market_sell 100 stone |
| 25:29 | Im_16Years_Old_IamCaPte · first_market_buy 100 food |
| 26:07 | Im_16Years_Old_IamCaPte · wall_segment Stone Wall x1 |
| 27:21 | Im_16Years_Old_IamCaPte · first_building Archery Range |
| 27:39 | Leo Javier · first_building Barracks |
| 28:34 | Im_16Years_Old_IamCaPte · wall_segment Stone Wall x3 |
| 28:40 | Leo Javier · age_up castle |
| 28:53 | Im_16Years_Old_IamCaPte · age_up castle |
| 29:22 | Im_16Years_Old_IamCaPte · first_building Castle |
| 30:08 | Im_16Years_Old_IamCaPte · wall_segment Palisade Wall x1 |
| 30:53 | Leo Javier · first_market_buy 100 stone |
| 32:09 | Im_16Years_Old_IamCaPte · wall_segment Stone Wall x1 |
| 32:12 | Im_16Years_Old_IamCaPte · wall_segment Stone Wall x1 |
| 33:55 | Im_16Years_Old_IamCaPte · first_building Monastery |
| 34:10 | Leo Javier · first_building Monastery |
| 34:53 | Leo Javier · first_building Siege Workshop |
| 36:39 | Im_16Years_Old_IamCaPte · first_building Siege Workshop |
| 38:58 | Leo Javier · first_market_sell 100 food |
| 38:59 | Im_16Years_Old_IamCaPte · resign |
[ AI ANALYSIS · 1 CREDIT ]
What really happened in this match?
Wolo.gg analyzes every decision: build order, eco, micro, common mistakes by bracket. Personalized analysis on WhatsApp or Discord in 30 seconds.
Civ guide
Hindustanis
Perfil
Jugador #25672067